 Dungeon Crawl Stone Soup version 0.24.1-14-gf8d2b509d9 (webtiles) character file.

Game seed: 13600368598753949040, levelgen mode: deterministic

41605 Chiseanne the Fighter (level 14, -6/114 HPs)
             Began as a Gnoll Wanderer on May 25, 2020.
             Was an Initiate of Gozag.
             Mangled by Jorgrun
             ... wielding a +0 quarterstaff of crushing
              (16 damage)
             ... on level 1 of the Orcish Mines.
             The game lasted 00:48:45 (15781 turns).

Chiseanne the Fighter (Gnoll Wanderer)             Turns: 15781, Time: 00:48:46

Health: -6/114     AC: 15    Str: 15    XL:     14   Next: 16%
Magic:  26/26      EV: 18    Int: 18    God:    Gozag
Gold:   1185       SH:  0    Dex: 21    Spells: 18/30 levels left

rFire    + + .     SeeInvis +   w - +9 heavy crossbow "Sniper" {velocity, Acc+∞ SInv}
rCold    + . .     Gourm    .   (shield currently unavailable)
rNeg     . . .     Faith    .   t - +3 ring mail {rF+}
rPois    .         Spirit   .   B - +2 helmet
rElec    .         Reflect  .   k - scarf {rC+ rF+}
rCorr    .         Harm     .   i - +1 pair of gloves
MR       ++...                  (no boots)
Stlth    ++++......             U - amulet "Wovuen" {+Rage MR+ Dex+5}
HPRegen  0.29/turn              (no ring)
MPRegen  0.20/turn              D - ring of flight

@: gold aura
A: distributed training, fangs 1, strong nose
a: Potion Petition, Call Merchant, Bribe Branch, Renounce Religion, Evoke
Berserk Rage, Evoke Flight


You were on level 1 of the Orcish Mines.
You worshipped Gozag.
Gozag was most pleased with you.
You were not hungry.

You visited 3 branches of the dungeon, and saw 17 of its levels.
You also visited: Sewer.

You collected 6277 gold pieces.
You spent 3003 gold pieces at shops.
You paid 2089 gold pieces to Gozag.

Inventory:

Hand Weapons
 a - the +7 captain's cutlass {speed, disarm}
   (You found it on level 5 of the Dungeon)

   Attacks with this weapon are significantly faster.
 q - the +9 hunting sling "Afeasiun" {velocity, rPois rF++ Str+2 Dex-5}
   (You bought it in a shop on level 10 of the Dungeon)

   Any stone fired from it inflicts extra damage.
   It affects your strength (+2).
   It affects your dexterity (-5).
   It greatly protects you from fire.
   It protects you from poison.
 s - a +3 scimitar of flaming
 w - the +9 heavy crossbow "Sniper" (weapon) {velocity, Acc+∞ SInv}
   (You bought it in a shop on level 10 of the Dungeon)

   Any bolt fired from it inflicts extra damage.
   It lets you see invisible.
Missiles
 g - 64 sling bullets
 n - 6 atropa-tipped darts
 o - 54 poisoned darts
 p - 5 boomerangs
 u - a throwing net
 H - 56 bolts (quivered)
 W - 9 javelins
 Y - 7 datura-tipped darts
Armour
 i - a +1 pair of gloves (worn)
 k - a scarf of resistance (worn)
 t - a +3 ring mail of fire resistance (worn)
 B - a +2 helmet (worn)
 I - a +2 shield of protection
 S - the +9 ring mail of Uxouck {rCorr}
   (You found it on level 11 of the Dungeon)

   It provides partial protection from all sources of acid and corrosion.
Jewellery
 j - an uncursed ring of fire
 v - an uncursed ring of ice
 D - a ring of flight (right hand)
 U - the amulet "Wovuen" (around neck) {+Rage MR+ Dex+5}
   (You found it on level 13 of the Dungeon)

   [amulet of rage]

   It affects your dexterity (+5).
   It affects your resistance to hostile enchantments.
   It lets you go berserk.
Wands
 C - a wand of paralysis (4)
 K - a wand of iceblast (19)
 L - a wand of scattershot (4)
 M - a wand of disintegration (25)
 Q - a wand of enslavement (12)
Scrolls
 c - 2 scrolls of immolation
 d - 9 scrolls of teleportation
 e - 2 scrolls of remove curse
 F - 2 scrolls of fear
 Z - a scroll of blinking
Potions
 b - 2 potions of haste
 h - 4 potions of flight
 l - a potion of mutation {unknown}
 m - 3 potions of lignification
 r - 12 potions of curing
 y - 2 potions of cancellation
 z - 2 potions of heal wounds
 G - 3 potions of berserk rage
 J - a potion of resistance {unknown}
 O - a potion of invisibility {unknown}
 P - 2 potions of agility
Miscellaneous
 x - 2 boxes of beasts
 A - a crystal ball of energy
 V - a fan of gales
Comestibles
 f - 14 rations


   Skills:
 + Level 11.9 Fighting
 + Level 8.8 Short Blades
 + Level 8.8 Long Blades
 + Level 8.8 Axes
 + Level 8.8 Maces & Flails
 + Level 9.2 Polearms
 + Level 9.2 Staves
 + Level 8.8 Slings
 + Level 8.8 Bows
 + Level 8.8 Crossbows
 + Level 9.2 Throwing
 + Level 8.8 Armour
 + Level 9.2 Dodging
 + Level 9.8 Stealth
 + Level 8.8 Shields
 + Level 8.8 Unarmed Combat
 + Level 8.8 Spellcasting
 + Level 7.3 Conjurations
 + Level 7.3 Hexes
 + Level 7.3 Charms
 + Level 7.3 Summonings
 + Level 7.3 Necromancy
 + Level 7.3 Translocations
 + Level 7.3 Transmutations
 + Level 7.3 Fire Magic
 + Level 7.3 Ice Magic
 + Level 7.3 Air Magic
 + Level 7.3 Earth Magic
 + Level 7.3 Poison Magic
 + Level 9.6 Invocations
 + Level 8.8 Evocations


You had 18 spell levels left.
You knew the following spells:

 Your Spells              Type           Power        Failure   Level  Hunger
a - Magic Dart            Conj           ####         1%          1    None
b - Blink                 Tloc           N/A          1%          2    None
c - Regeneration          Chrm/Necr      ####......   2%          3    None
d - Mephitic Cloud        Conj/Pois/Air  ####....     2%          3    None
e - Confuse               Hex            ####....     2%          3    None

Your spell library contained the following spells:

 Spells                   Type           Power        Failure   Level  Hunger
 Animate Skeleton         Necr           N/A          1%          1    None
 Confusing Touch          Hex            ####..       1%          1    None
 Flame Tongue             Conj/Fire      ####.        1%          1    None
 Pain                     Necr           ####         1%          1    None
 Summon Small Mammal      Summ           ####         1%          1    None
 Call Imp                 Summ           ####....     1%          2    None
 Passwall                 Tmut/Erth      ####....     1%          2    None
 Searing Ray              Conj           ####..       1%          2    None
 Slow                     Hex            ####....     1%          2    None
 Swiftness                Chrm/Air       ####....     1%          2    None
 Throw Flame              Conj/Fire      ####..       1%          2    None
 Call Canine Familiar     Summ           ####....     2%          3    None
 Conjure Flame            Conj/Fire      ####....     2%          3    None
 Dazzling Spray           Conj/Hex       ####..       2%          3    None
 Gell's Gravitas          Tloc           ####......   2%          3    None
 Inner Flame              Hex/Fire       ####....     2%          3    None
 Summon Guardian Golem    Hex/Summ       ####....     2%          3    None
 Vampiric Draining        Necr           ####......   2%          3    None
 Animate Dead             Necr           N/A          8%          4    ###....
 Force Lance              Conj/Tloc      ####....     8%          4    ###....
 Fulminant Prism          Conj/Hex       ####......   8%          4    ###....
 Iskenderun's Mystic Bla  Conj           ####....     8%          4    ###....
 Passage of Golubria      Tloc           N/A          8%          4    ###....
 Petrify                  Tmut/Erth      ####....     8%          4    ###....
 Sticky Flame             Conj/Fire      ####....     8%          4    ###....
 Summon Ice Beast         Ice/Summ       ####....     8%          4    ###....
 Summon Lightning Spire   Summ/Air       ####....     8%          4    ###....
 Fireball                 Conj/Fire      ####......   21%         5    #####..
 Lee's Rapid Deconstruct  Erth           ####......   21%         5    #####..
 Metabolic Englaciation   Hex/Ice        ####......   21%         5    #####..
 Yara's Violent Unravell  Hex/Tmut       ####......   21%         5    #####..
 Darkness                 Hex            ####......   75%         6    ######.
 Invisibility             Hex            ####....     75%         6    ######.


Dungeon Overview and Level Annotations

Branches:
Dungeon (15/15)            Temple (1/1) D:4            Lair (0/6) D:9
    Orc (1/2) D:9          Vaults (0/5) D:13         Depths (0/5) D:15
  Sewer (visited)

Altars:
Gozag
Kikubaaqudgha
Nemelex Xobeh
Okawaru
Ru
Vehumet
Xom
Zin

Shops:
D:10 (   D:11 *   D:15 [   Orc:1 }

Annotations:
D:10 3 runed translucent doors, miami27's ghost, journeyman TrBe
Orc:1 Jorgrun


Innate Abilities, Weirdness & Mutations

Your experience applies equally to all skills.
You have very sharp teeth.
Your uncanny sense of smell can sniff out nearby items.


Message History

The puff of flame misses you. The warg bites you.
An orc priest comes into view. It is wielding a +0 flail.
Jorgrun hits you with a +0 quarterstaff of crushing!
* * * LOW HITPOINT WARNING * * *
x3 The grasping roots constrict you!
The orc misses you. The orc warrior closely misses you.
The orc warrior hits you from afar with a +0 trident.
* * * LOW HITPOINT WARNING * * *
The orc wizard hits you but does no damage.
The warg bites you.
* * * LOW HITPOINT WARNING * * *
The orc sorcerer becomes distracted by the nearby gold, dreaming of imaginary riches.
You hear a shout!
You escape the roots' grasp.
The orc sorcerer shouts!
The orc sorcerer is no longer distracted by gold.
The orc barely misses you.
Jorgrun hits you with a +0 quarterstaff of crushing!
You die...
Your body crumbles into a pile of gold.

.....$.##...#.
. .............
.. ............
.∩. .(.........
$ .o .(...o....
#.#.(oo.....
###..ogo.$....
#.....@oo.....
....o..ho......
...............
............$..
........>......
#.^............
#.........#....
..........#..#.
$


You could see Jorgrun, a warg, an orc sorcerer, 2 orc warriors, an orc priest, 2
orc wizards and 4 orcs.

Vanquished Creatures
  3 entropy weavers (D:13)
  Snorg (D:13)
  2 ghost crabs (D:13)
  A vault guard (D:13)
  3 centaur warriors
  6 two-headed ogres
  Urug (D:13)
  4 fire crabs (D:13)
  An unseen horror (D:15)
  2 wizards
  A wolf spider zombie (D:13)
  11 ugly things
  An orc sorcerer (D:15)
  2 deep elf magi
  3 cyclopes
  A manticore (D:15)
  Maurice (D:8)
  An apocalypse crab (D:13)
  A gargoyle (D:13)
  Psyche (D:8)
  A freezing wraith (D:14)
  3 efreet
  A yaktaur (D:10)
  4 trolls
  A wolf spider simulacrum (D:15)
  Grinder (Sewer)
  A hornet (shapeshifter) (D:15)
  A meliai zombie (D:13)
  5 hippogriffs
  A centaur simulacrum (D:13)
  A shadow (D:13)
  A wraith (D:14)
  4 wyverns
  A basilisk (D:15)
  2 hungry ghosts
  A basilisk (shapeshifter) (D:15)
  A steam dragon (D:9)
  Edmund (D:4)
  An acid dragon (D:13)
  Duvessa (D:4)
  2 black bears
  4 orc warriors
  6 ice beasts
  5 phantoms
  2 necrophages
  5 ogres
  6 sky beasts
  5 centaurs
  A crocodile (D:11)
  4 big kobolds
  8 bullfrogs
  A wyvern zombie (D:13)
  Dowan (D:4)
  4 scorpions
  A wyvern skeleton (D:11)
  3 killer bees (D:10)
  11 wights
  5 howler monkeys
  7 crimson imps
  2 bullfrog zombies
  6 hounds
  2 quasits
  A bullfrog skeleton (D:10)
  5 centaur zombies
  7 jellies
  11 orc wizards
  5 orc priests
  5 centaur skeletons
  5 iguanas
  Natasha (D:4)
  8 worker ants
  3 big kobold zombies (Sewer)
  A hound zombie (D:10)
  2 hound skeletons
  6 gnolls
  8 adders
  2 shadow imps
  5 ufetubi (Sewer)
  6 oozes
  An adder zombie (Sewer)
  2 worms (D:3)
  4 dart slugs
  5 leopard geckos
  27 orcs
  11 bats
  A bat zombie (Sewer)
  7 giant cockroaches
  7 goblins
  4 hobgoblins
  12 jackals
  5 quokkas
  6 ball pythons
  A ball python zombie (D:5)
  6 frilled lizards
  A giant cockroach zombie (Sewer)
  A jackal skeleton (D:8)
  33 kobolds
  2 kobold zombies (Sewer)
  A leopard gecko skeleton (D:4)
  A leopard gecko zombie (D:6)
  2 quokka skeletons (D:6)
  4 rats
396 creatures vanquished.

Vanquished Creatures (collateral kills)
  Rupert (D:14)
  An ogre mage (D:15)
  2 two-headed ogres (D:15)
  3 ugly things (D:15)
  2 hungry ghosts
  A howler monkey (D:14)
10 creatures vanquished.

Vanquished Creatures (others)
  An orc sorcerer (D:15)
  An ugly thing (D:15)
  A bullfrog (D:8)
  A wight (D:15)
  An orc (Orc:1)
  8 plants
13 creatures vanquished.

Grand Total: 419 creatures vanquished

Notes
Turn   | Place    | Note
-------+----------+-------------------------------------------
     0 | D:1      | Chiseanne the Gnoll Wanderer began the quest for the Orb.
     0 | D:1      | Chiseanne set off with the following items: a +2 dagger, a
                  | potion of haste, a +0 spear, a scroll of teleportation, a
                  | +0 robe, a ration
     0 | D:1      | Reached XP level 1. HP: 26/26 MP: 1/1
   104 | D:1      | Reached XP level 2. HP: 30/33 MP: 2/2
   511 | D:1      | Reached XP level 3. HP: 36/38 MP: 3/3
  1019 | D:2      | Reached skill level 1 in Invocations
  1260 | D:3      | Learned a level 1 spell: Magic Dart
  1299 | D:3      | Noticed an ogre
  1308 | D:3      | Killed an ogre
  1308 | D:3      | Reached skill level 1 in Short Blades
  1308 | D:3      | Reached skill level 1 in Long Blades
  1308 | D:3      | Reached skill level 1 in Axes
  1308 | D:3      | Reached skill level 1 in Maces & Flails
  1308 | D:3      | Reached skill level 1 in Slings
  1308 | D:3      | Reached skill level 1 in Bows
  1308 | D:3      | Reached skill level 1 in Crossbows
  1308 | D:3      | Reached skill level 1 in Armour
  1308 | D:3      | Reached skill level 1 in Shields
  1308 | D:3      | Reached skill level 1 in Unarmed Combat
  1308 | D:3      | Reached skill level 1 in Spellcasting
  1308 | D:3      | Reached skill level 1 in Conjurations
  1308 | D:3      | Reached skill level 1 in Hexes
  1308 | D:3      | Reached skill level 1 in Charms
  1308 | D:3      | Reached skill level 1 in Summonings
  1308 | D:3      | Reached skill level 1 in Necromancy
  1308 | D:3      | Reached skill level 1 in Translocations
  1308 | D:3      | Reached skill level 1 in Transmutations
  1308 | D:3      | Reached skill level 1 in Fire Magic
  1308 | D:3      | Reached skill level 1 in Ice Magic
  1308 | D:3      | Reached skill level 1 in Air Magic
  1308 | D:3      | Reached skill level 1 in Earth Magic
  1308 | D:3      | Reached skill level 1 in Poison Magic
  1308 | D:3      | Reached skill level 1 in Evocations
  1308 | D:3      | Reached XP level 4. HP: 45/45 MP: 4/6
  1308 | D:3      | Reached XP level 5. HP: 51/51 MP: 4/7
  1776 | D:5      | Entered Level 5 of the Dungeon
  1779 | D:5      | Found the +7 captain's cutlass {speed, disarm}
  1805 | D:4      | Reached XP level 6. HP: 56/57 MP: 8/8
  1808 | D:4      | Noticed Dowan
  1809 | D:4      | Noticed Edmund
  1809 | D:4      | Noticed Duvessa
  1822 | D:4      | Killed Edmund
  1825 | D:4      | Killed Duvessa
  1825 | D:4      | Reached XP level 7. HP: 53/63 MP: 8/10
  1837 | D:4      | Killed Dowan
  1879 | D:4      | Found a staircase to the Ecumenical Temple.
  1901 | Temple   | Entered the Ecumenical Temple
  1910 | Temple   | Became a worshipper of Gozag Ym Sagoz the Greedy
  2025 | D:4      | Noticed Natasha
  2041 | D:4      | Killed Natasha
  2105 | D:4      | Reached skill level 9 in Fighting
  2105 | D:4      | Reached skill level 5 in Stealth
  2659 | D:4      | Reached XP level 8. HP: 71/71 MP: 12/12
  2682 | D:4      | Learned a level 2 spell: Blink
  2686 | D:4      | Learned a level 3 spell: Mephitic Cloud
  2690 | D:4      | Learned a level 3 spell: Regeneration
  3071 | D:6      | Found a glowing drain.
  3092 | Sewer    | Entered a sewer
  3448 | Sewer    | Found an ancient bone altar of Kikubaaqudgha.
  3590 | Sewer    | Noticed Grinder
  3602 | Sewer    | Killed Grinder
  3602 | Sewer    | Reached XP level 9. HP: 65/75 MP: 14/14
  3994 | D:5      | Found an iron altar of Okawaru.
  4050 | D:5      | Reached skill level 5 in Polearms
  4050 | D:5      | Reached skill level 5 in Staves
  4050 | D:5      | Reached skill level 5 in Throwing
  4050 | D:5      | Reached skill level 5 in Dodging
  4602 | D:7      | Reached skill level 5 in Invocations
  4707 | D:7      | Found Zin's Purification Station.
  4709 | D:7      | Found a glowing silver altar of Zin.
  4721 | D:7      | Reached XP level 10. HP: 75/83 MP: 15/17
  4728 | D:7      | Bought a potion of curing for 90 gold pieces
  5009 | D:8      | Noticed Psyche
  5016 | D:8      | Killed Psyche
  5362 | D:8      | Noticed Maurice
  5409 | D:8      | Reached skill level 5 in Short Blades
  5409 | D:8      | Reached skill level 5 in Long Blades
  5409 | D:8      | Reached skill level 5 in Axes
  5409 | D:8      | Reached skill level 5 in Maces & Flails
  5409 | D:8      | Reached skill level 5 in Slings
  5409 | D:8      | Reached skill level 5 in Bows
  5409 | D:8      | Reached skill level 5 in Crossbows
  5409 | D:8      | Reached skill level 5 in Armour
  5409 | D:8      | Reached skill level 5 in Shields
  5409 | D:8      | Reached skill level 5 in Unarmed Combat
  5409 | D:8      | Reached skill level 5 in Spellcasting
  5409 | D:8      | Reached skill level 5 in Evocations
  5832 | D:8      | Killed Maurice
  5848 | D:8      | Reached skill level 10 in Fighting
  6763 | D:9      | Found a staircase to the Orcish Mines.
  6807 | D:9      | Found a staircase to the Lair.
  6974 | D:10     | Entered Level 10 of the Dungeon
  7478 | D:10     | Reached XP level 11. HP: 85/90 MP: 19/19
  7699 | D:10     | Found a runed translucent gate.
  7699 | D:10     | Found a runed translucent gate.
  7701 | D:10     | Found a runed translucent gate.
  7701 | D:10     | Noticed miami27's ghost (journeyman TrBe)
  7702 | D:10     | Noticed an 11-headed hydra
  7779 | D:10     | Noticed a two-headed ogre
  7825 | D:10     | Killed a two-headed ogre
  7825 | D:10     | Reached skill level 5 in Conjurations
  7825 | D:10     | Reached skill level 5 in Hexes
  7825 | D:10     | Reached skill level 5 in Charms
  7825 | D:10     | Reached skill level 5 in Summonings
  7825 | D:10     | Reached skill level 5 in Necromancy
  7825 | D:10     | Reached skill level 5 in Translocations
  7825 | D:10     | Reached skill level 5 in Transmutations
  7825 | D:10     | Reached skill level 5 in Fire Magic
  7825 | D:10     | Reached skill level 5 in Ice Magic
  7825 | D:10     | Reached skill level 5 in Air Magic
  7825 | D:10     | Reached skill level 5 in Earth Magic
  7825 | D:10     | Reached skill level 5 in Poison Magic
  8345 | D:10     | Bought a twisted hunting sling for 208 gold pieces
  8522 | D:10     | Identified the +9 hunting sling "Afeasiun" {velocity, rPois
                  | rF++ Str+2 Dex-5} (You bought it in a shop on level 10 of
                  | the Dungeon)
  9118 | D:11     | Got a steaming robe
  9141 | D:11     | Got an encrusted ring mail
  9152 | D:11     | Identified the +0 robe "Ycwoodazy" {rPois rC- Regen+ Str+5}
                  | (You found it on level 11 of the Dungeon)
  9162 | D:11     | Identified the +9 ring mail of Uxouck {rCorr} (You found it
                  | on level 11 of the Dungeon)
  9227 | D:11     | Bought a scroll of teleportation for 45 gold pieces
  9227 | D:11     | Bought a potion of curing for 45 gold pieces
  9227 | D:11     | Bought a scroll of fear for 52 gold pieces
  9227 | D:11     | Bought a potion of agility for 60 gold pieces
  9329 | D:12     | Noticed a purple ugly thing
  9348 | D:12     | Killed a purple ugly thing
 10005 | D:13     | Noticed a centaur warrior
 10020 | D:13     | Killed a centaur warrior
 10364 | D:13     | Noticed a deep elf mage
 10373 | D:13     | Noticed a purple ugly thing
 10376 | D:13     | Killed a deep elf mage
 10376 | D:13     | Reached XP level 12. HP: 81/98 MP: 20/22
 10384 | D:13     | Noticed a vault guard
 10397 | D:13     | Noticed Snorg
 10401 | D:13     | Killed a vault guard
 10429 | D:13     | Noticed a centaur warrior
 10433 | D:13     | Killed Snorg
 10447 | D:13     | Killed a centaur warrior
 10447 | D:13     | Reached skill level 11 in Fighting
 10462 | D:13     | Found a gate to the Vaults.
 10965 | D:13     | Found a runed translucent door.
 11250 | D:13     | Noticed Urug
 11276 | D:13     | Killed Urug
 11283 | D:13     | Identified a scroll of acquirement
 11532 | D:13     | Got a twitching emerald amulet
 11536 | D:13     | Identified the amulet "Wovuen" {+Rage MR+ Dex+5} (You found
                  | it on level 13 of the Dungeon)
 11985 | D:13     | Noticed an entropy weaver
 11992 | D:13     | Killed an entropy weaver
 12017 | D:13     | Noticed an entropy weaver
 12031 | D:13     | Killed an entropy weaver
 12031 | D:13     | Reached XP level 13. HP: 13/106 MP: 24/24
 12615 | D:13     | Noticed an entropy weaver
 12619 | D:13     | Killed an entropy weaver
 12812 | D:13     | Learned a level 3 spell: Confuse
 12942 | D:14     | Noticed Rupert
 12950 | D:14     | Killed Rupert
 13038 | D:14     | Got an encrusted arbalest
 13927 | D:15     | Entered Level 15 of the Dungeon
 14348 | D:15     | Found Hot Xarch's Antique Armour Shoppe.
 14386 | D:15     | Bought a glowing shield for 225 gold pieces
 15431 | D:15     | Noticed an ogre mage
 15436 | D:15     | Reached XP level 14. HP: 87/114 MP: 23/26
 15496 | D:15     | Found a staircase to the Depths.
 15550 | D:15     | Identified the +1 arbalest of Defence by Offence {venom,
                  | rF- MP+9 Str+4 Dex+3} (You found it on level 14 of the
                  | Dungeon)
 15723 | D:10     | Bought the +9 heavy crossbow "Sniper" {velocity, Acc+∞
                  | SInv} for 2278 gold pieces
 15723 | D:10     | Found the +9 heavy crossbow "Sniper" {velocity, Acc+∞ SInv}
 15777 | Orc:1    | Entered Level 1 of the Orcish Mines
 15777 | Orc:1    | Found Tiomn's Gadget Shop.
 15777 | Orc:1    | Noticed Jorgrun
 15781 | Orc:1    | Mangled by Jorgrun

Levels and vault maps discovered:
D:1:      dpeg_arrival_solitude, layout_loops_ring, minmay_pentomino_q2
D:2:      layout_basic, serial_bayou, serial_bayou_pond_b, serial_bayou_shore_b,
          serial_bayou_pond_a, serial_bayou_lagoon_a, serial_bayou_pond_d,
          serial_bayou_pond_a
D:3:      layout_basic, serial_forest, infiniplex_forest_clump_medium,
          infiniplex_forest_straight_3, infiniplex_forest_end_double,
          infiniplex_forest_clump_long, infiniplex_forest_end_3, first_ration
D:4:      layout_cave_pods, minmay_temple_entry_enclosed_plants, uniq_edmund,
          uniq_natasha, uniq_duvessa
D:5:      layout_basic, okawaru_metal_pillars_1_2
D:6:      layout_gridville, cheibrodos_sewer_entry_drain,
          kennysheep_big_empty_room, grunt_ministairs_8
D:7:      layout_rooms, zin_purify
D:8:      layout_basic, hangedman_little_slice_of_home,
          chequers_serial_rivers_small_b, minmay_misc_feat_room, uniq_psyche,
          uniq_maurice
D:9:      layout_gridville, lair_entry_dummy
D:10:     layout_roguey, gammafunk_ghost_hydra_chop, minmay_pinched_square
D:11:     layout_small_grid, abandoned_shop
D:12:     layout_loops_ring
D:13:     gammafunk_mikee_crab_dinner, layout_stronghold, david_vaults_5,
          uniq_snorg, uniq_urug
D:14:     layout_rooms, minmay_misc_feat_x, uniq_rupert
D:15:     grunt_enter_depths_magical_seal, layout_irregular_city, serial_shops,
          nicolae_shop_overgrown_old_shop
Temple:   nicolae_temple_the_god_donut
Orc:1:    layout_caves, serial_shops, shop, uniq_jorgrun, uniq_josephine

Skill      XL: |  1  2  3  4  5  6  7  8  9 10 11 12 13 |
---------------+----------------------------------------+-----
Invocations    | 1 2 3 4 5 6 7 8 9 |  9.6
Short Blades   | 1 2 3 4 5 6 7 8 |  8.8
Long Blades    | 1 2 3 4 5 6 7 8 |  8.8
Axes           | 1 2 3 4 5 6 7 8 |  8.8
Maces & Flails | 1 2 3 4 5 6 7 8 |  8.8
Slings         | 1 2 3 4 5 6 7 8 |  8.8
Bows           | 1 2 3 4 5 6 7 8 |  8.8
Crossbows      | 1 2 3 4 5 6 7 8 |  8.8
Armour         | 1 2 3 4 5 6 7 8 |  8.8
Shields        | 1 2 3 4 5 6 7 8 |  8.8
Unarmed Combat | 1 2 3 4 5 6 7 8 |  8.8
Spellcasting   | 1 2 3 4 5 6 7 8 |  8.8
Conjurations   | 1 2 3 4 5 6 7 |  7.3
Hexes          | 1 2 3 4 5 6 7 |  7.3
Charms         | 1 2 3 4 5 6 7 |  7.3
Summonings     | 1 2 3 4 5 6 7 |  7.3
Necromancy     | 1 2 3 4 5 6 7 |  7.3
Translocations | 1 2 3 4 5 6 7 |  7.3
Transmutations | 1 2 3 4 5 6 7 |  7.3
Fire Magic     | 1 2 3 4 5 6 7 |  7.3
Ice Magic      | 1 2 3 4 5 6 7 |  7.3
Air Magic      | 1 2 3 4 5 6 7 |  7.3
Earth Magic    | 1 2 3 4 5 6 7 |  7.3
Poison Magic   | 1 2 3 4 5 6 7 |  7.3
Evocations     | 1 2 3 4 5 6 7 8 |  8.8
Polearms       | 3 4 5 6 7 8 9 |  9.2
Staves         | 3 4 5 6 7 8 9 |  9.2
Throwing       | 3 4 5 6 7 8 9 |  9.2
Dodging        | 3 4 5 6 7 8 9 |  9.2
Fighting       | 9 10 11 | 11.9
Stealth        | 5 6 7 8 9 |  9.8

Action                   |  1- 3 |  4- 6 |  7- 9 | 10-12 | 13-15 || total
-------------------------+-------+-------+-------+-------+-------++-------
Melee: Dagger            |   123 |    72 |       |       |       ||   195
       Bite              |     6 |     9 |    35 |    81 |    62 ||   193
       Cutlass           |       |    12 |   404 |   703 |   351 ||  1470
       Punch             |       |       |     2 |       |       ||     2
 Fire: Heavy crossbow    |       |       |       |       |     3 ||     3
Throw: Dart              |       |       |       |       |     6 ||     6
 Cast: Mephitic Cloud    |       |       |       |       |    12 ||    12
       Regeneration      |       |       |       |       |     1 ||     1
Invok: Call Merchant     |       |       |       |     2 |       ||     2
       Potion Petition   |       |       |       |     2 |       ||     2
Evoke: Box of beasts     |       |       |     2 |       |     3 ||     5
       Wand              |       |       |       |     7 |    17 ||    24
  Use: Scroll            |     7 |       |    12 |    10 |     6 ||    35
       Potion            |       |       |       |     4 |       ||     4
 Stab: Sleeping          |     8 |     1 |     2 |    26 |     2 ||    39
       Distracted        |       |       |     2 |     4 |     3 ||     9
       Paralysed         |       |       |       |     5 |     1 ||     6
       Confused          |       |       |       |       |     3 ||     3
  Eat: Chunk             |     1 |     2 |     1 |       |       ||     4
       Ration            |       |       |     3 |    10 |     2 ||    15
Armor: Robe              |    35 |     1 |       |       |       ||    36
       Leather armour    |       |    12 |     1 |       |       ||    13
       Ring mail         |       |       |   155 |   162 |    74 ||   391
Dodge: Dodged            |    95 |    42 |   262 |   217 |    89 ||   705
Block: Shield            |       |       |     2 |   262 |   128 ||   392
